 Dungeon Crawl Stone Soup version 0.18.1-8-gdd0e5ea (webtiles) character file.

1767 epen the Transmogrifier (level 8, 0/40 HPs)
             Began as a Spriggan Transmuter on May 21, 2016.
             Was an Initiate of Nemelex Xobeh.
             Succumbed to a killer bee's poison
             ... on level 6 of the Dungeon.
             The game lasted 00:14:47 (6734 turns).

epen the Transmogrifier (Spriggan Transmuter)       Turns: 6734, Time: 00:14:48

Health: 0/40       AC:  3    Str: 11    XL:     8   Next: 80%
Magic:  13/17      EV: 29    Int: 17    God:    Nemelex Xobeh [......]
Gold:   329        SH:  0    Dex: 21    Spells: 5 memorised, 3 levels left

rFire  . . .     SeeInvis +     g - +2 dagger (venom)
rCold  . . .     Gourm    .     b - +0 robe
rNeg   . . .     Faith    .     (shield restricted)
rPois  .         Spirit   .     (helmet restricted)
rElec  .         Dismiss  .     i - +0 cloak (curse)
rCorr  .         Reflect  .     (gloves unavailable)
SustAt .         Harm     .     (boots unavailable)
MR     +....                    (no amulet)
Stlth  +++.......               (no ring)
                                (no ring)

@: mighty, agile, lethally poisoned (0 -> -4), very slightly contaminated, very
quick, somewhat resistant to hostile enchantments, fairly stealthy
A: unfitting armour, see invisible, herbivore 3, speed 3, slow metabolism 2
a: Renounce Religion


You were on level 6 of the Dungeon.
You worshipped Nemelex Xobeh.
Nemelex Xobeh was noncommittal.
You were not hungry.

You visited 2 branches of the dungeon, and saw 8 of its levels.

You collected 329 gold pieces.

Inventory:

Hand Weapons
 g - a +2 dagger of venom (weapon)
Missiles
 a - 109 arrows
 B - 2 throwing nets (quivered)
Armour
 b - a +0 robe (worn)
 i - a cursed +0 cloak (worn)
Jewellery
 r - an uncursed ring of ice
Wands
 s - a wand of paralysis (9/24)
 u - a wand of acid (12/15)
Scrolls
 d - 4 scrolls of magic mapping {unknown}
 h - 6 scrolls of identify {unknown}
 j - 3 scrolls of enchant armour {unknown}
 k - 2 scrolls of recharging {unknown}
 l - 3 scrolls of teleportation {unknown}
 m - 2 scrolls of fear {unknown}
 n - 3 scrolls of enchant weapon {unknown}
 p - a scroll of remove curse
 t - a scroll of blinking {unknown}
 w - a scroll of immolation {unknown}
Books
 c - a book of Changes

   Spells                             Type                      Level
   a - Beastly Appendage              Transmutation                1
   b - Sticks to Snakes               Transmutation                2
   c - Spider Form                    Transmutation/Poison         3
   d - Ice Form                       Ice/Transmutation            4
   e - Blade Hands                    Transmutation                5
 e - a book of Frost

   Spells                             Type                      Level
   a - Freeze                         Ice                          1
   b - Throw Frost                    Conjuration/Ice              2
   c - Ozocubu's Armour               Charms/Ice                   3
   d - Throw Icicle                   Conjuration/Ice              4
   e - Summon Ice Beast               Ice/Summoning                4
Miscellaneous
 y - a plain deck of destruction {drawn: 2}
Comestibles
 f - 2 royal jellies
 o - 4 bread rations


   Skills:
 + Level 3.5 Fighting
 + Level 6.9 Dodging
 * Level 5.5 Unarmed Combat
 + Level 5.3 Spellcasting
 * Level 8.1 Transmutations
 + Level 2.5 Evocations


You had 3 spell levels left.
You knew the following spells:

 Your Spells              Type           Power        Failure   Level  Hunger
a - Beastly Appendage     Trmt           ####..       1%          1    None
b - Sticks to Snakes      Trmt           ####....     1%          2    #......
c - Spider Form           Trmt/Pois      ###.......   10%         3    ##.....
d - Blade Hands           Trmt           ####......   14%         5    ######.
e - Ozocubu's Armour      Chrm/Ice       #.......     47%         3    ##.....


Dungeon Overview and Level Annotations

Branches:
Dungeon (7/15)             Temple (1/1) D:6

Altars:
Ashenzari
Cheibriados
Dithmenos
Elyvilon
Fedhas
Gozag
Kikubaaqudgha
Nemelex Xobeh
Okawaru
Pakellas
Qazlal
Ru
Sif Muna
Trog
Vehumet
Xom
Yredelemnul
Zin
The Shining One

Shops:
D:6 [

Annotations:
D:3 epen's ghost, weakling DsTm


Innate Abilities, Weirdness & Mutations

You are tiny and cannot use many weapons and most armour.
You have supernaturally acute eyesight.
You are a herbivore.
You cover ground extremely quickly.
You need consume almost no food.


Message History

You miss the killer bee.
The killer bee is moderately wounded.
The killer bee closely misses you. The killer bee completely misses you.
You hit the killer bee.
The killer bee is poisoned.
The killer bee is severely wounded.
The killer bee misses you. The killer bee stings you.
* * * LOW HITPOINT WARNING * * *
You are lethally poisoned!
The killer bee poisons you!
You hit the killer bee.
You kill the killer bee!
* * * LOW HITPOINT WARNING * * *
You feel sick.
You aren't carrying any potions.
Unknown command.
Eat which item? (? for menu, Esc to quit)
Okay, then.
Eat which item? (? for menu, Esc to quit)
You die...
Your body disappears without a glow.

#.....##..##....##...##
#.....##..########..<## ####
####+###..##....##....#
#..######....##.........'....+
#..##..##.....#.........#....#
##..'.........###'##....##...##
#...#...##....##..##....##...##
#...#...##...>##...............
#...######...†@...##....##.....
#...##..##........########...##
#..................%....##...##
##.......................#....#
##.>##..##.....÷÷.##....##....#
#...##..##....##..##....##....#
#....#..##....##..##..........#
#....+............÷'..........#
#...###+##........##....##..)##


There were no monsters in sight!

Vanquished Creatures
  The ghost of ThereIsNoGod the Covert, a novice OpAs (D:7)
  Sigmund (D:3)
  A hippogriff (D:4)
  2 ogres
  2 centaurs
  A giant frog (D:6)
  2 killer bees
  2 howler monkeys
  2 giant frog zombies
  3 crimson imps
  3 orc priests
  4 hounds
  2 orc wizards
  A worker ant (D:4)
  A hound skeleton (D:6)
  A worker ant zombie (D:6)
  4 adders
  A howler monkey skeleton (D:5)
  2 adder skeletons (D:4)
  4 worms
  3 dart slugs
  7 giant geckos
  15 orcs
  10 bats
  6 giant cockroaches
  12 goblins
  10 hobgoblins
  13 jackals
  9 kobolds
  4 quokkas
  4 giant newts
  A quokka skeleton (D:5)
  11 rats
145 creatures vanquished.

Vanquished Creatures (collateral kills)
  An orc priest (D:3)
  An orc wizard (D:6)
  An orc (D:3)
  A bat (D:3)
  A kobold (D:3)
5 creatures vanquished.

Grand Total: 150 creatures vanquished

Notes
Turn   | Place    | Note
--------------------------------------------------------------
     0 | D:1      | epen the Spriggan Transmuter began the quest for the Orb.
     0 | D:1      | Reached XP level 1. HP: 9/9 MP: 5/5
    37 | D:1      | Reached skill level 3 in Transmutations
    60 | D:1      | Reached XP level 2. HP: 14/14 MP: 6/6
   254 | D:1      | Reached skill level 1 in Fighting
   623 | D:1      | Reached XP level 3. HP: 10/18 MP: 8/8
   756 | D:1      | Learned a level 2 spell: Sticks to Snakes
   760 | D:1      | Learned a level 3 spell: Spider Form
   846 | D:1      | Found a sparkling altar of Nemelex Xobeh.
  1883 | D:2      | Reached XP level 4. HP: 22/22 MP: 9/9
  2114 | D:2      | Reached skill level 4 in Transmutations
  2679 | D:3      | Found a shattered altar of Ashenzari.
  2685 | D:3      | Noticed Sigmund
  2853 | D:3      | Killed Sigmund
  2853 | D:3      | Reached XP level 5. HP: 25/25 MP: 3/11
  2923 | D:3      | Learned a level 5 spell: Blade Hands
  3093 | D:3      | Reached skill level 5 in Transmutations
  3093 | D:3      | Reached XP level 6. HP: 30/30 MP: 5/12
  3217 | D:3      | Noticed epen's ghost (weakling DsTm)
  3821 | D:4      | Noticed a hippogriff
  3830 | D:4      | Killed a hippogriff
  3830 | D:4      | Reached skill level 5 in Dodging
  4182 | D:4      | Reached XP level 7. HP: 21/35 MP: 14/14
  4395 | D:4      | Found an opulent altar of Gozag.
  4556 | D:5      | Entered Level 5 of the Dungeon
  4841 | D:5      | Reached skill level 6 in Transmutations
  5822 | D:6      | Reached XP level 8. HP: 39/39 MP: 16/16
  5834 | D:6      | Found a staircase to the Ecumenical Temple.
  5977 | Temple   | Entered the Ecumenical Temple
  6028 | Temple   | Became a worshipper of Nemelex Xobeh the Trickster
  6055 | D:6      | Reached skill level 5 in Unarmed Combat
  6055 | D:6      | Reached skill level 7 in Transmutations
  6105 | D:6      | Learned a level 3 spell: Ozocubu's Armour
  6202 | D:6      | Received a gift from Nemelex Xobeh
  6232 | D:6      | Found Nughinla's Armour Shoppe.
  6242 | D:6      | Reached skill level 1 in Evocations
  6621 | D:6      | Reached skill level 5 in Spellcasting
  6636 | D:7      | Noticed ThereIsNoGod's ghost (novice OpAs)
  6646 | D:7      | Killed ThereIsNoGod's ghost
  6646 | D:7      | Reached skill level 8 in Transmutations
  6732 | D:6      | HP: 2/40 [killer bee (1)]
  6734 | D:6      | Succumbed to a killer bee's poison

Skill      XL: |  1  2  3  4  5  6  7  8 |
---------------+-------------------------+-----
Transmutations | 3 4 5 6 8 |  8.1
Spellcasting   | 3 4 5 |  5.3
Fighting       | 1 2 3 |  3.5
Unarmed Combat | 3 4 5 |  5.5
Dodging        | 4 5 6 |  6.9
Evocations     | 2 |  2.5

Action                   |  1- 3 |  4- 6 |  7- 9 || total
-------------------------+-------+-------+-------++-------
Melee: Unarmed           |    96 |       |    32 ||   128
       Punch             |     2 |     3 |     3 ||     8
       Dagger            |    61 |   202 |   204 ||   467
 Cast: Sticks to Snakes  |       |    10 |    12 ||    22
       Blade Hands       |       |       |     3 ||     3
Evoke: Deck              |       |       |     2 ||     2
  Use: Scroll            |     1 |       |       ||     1
       Potion            |       |       |     4 ||     4
 Stab: Sleeping          |     1 |     4 |       ||     5
       Distracted        |       |     2 |       ||     2
  Eat: Bread ration      |       |     1 |       ||     1
       Fruit             |       |       |     1 ||     1
Armor: Robe              |    15 |    11 |    20 ||    46
Dodge: Dodged            |   140 |   148 |   250 ||   538
